 Dungeon Crawl Stone Soup version 0.28.0-53-g5a82cb258f (console) character file.

Game seed: 12276101474945472515

100 erker the Digger (level 4, 0/22 (27) HPs)
             Began as an Octopode Earth Elementalist on Aug 2, 2022.
             Frozen to death by an endoplasm (5 damage)
             ... on level 3 of the Dungeon.
             The game lasted 00:06:06 (2310 turns).

erker the Digger (Octopode Earth Elementalist)      Turns: 2310, Time: 00:06:07

HP:   0/22 (27)     AC:  1    Str:  7    XL:     4   Next: 74%
MP:   7/7           EV: 17    Int: 19    God:
Gold: 115           SH:  0    Dex: 18    Spells: 4/7 levels left

rFire   . . .      SeeInvis .   a - +0 dagger
rCold   . . .      Faith    .   (no shield)
rNeg    . . .      Spirit   .   (helmet restricted)
rPois   .          Reflect  .   (no amulet)
rElec   .          Harm     .   k - +4 ring of evasion
rCorr   .          Rampage  .   o - +6 ring of dexterity
Will    .....                   (no ring)
Stlth   ++++......              (no ring)
HPRegen 0.07/turn               (no ring)
MPRegen 0.10/turn               (no ring)
                                (no ring)
                                (no ring)

@: heavily drained
A: almost no armour, amphibious, 8 rings, camouflage 1, gelatinous body 1,
(nimble swimmer 1), tentacles
a: no special abilities


You were on level 3 of the Dungeon.
You visited 1 branch of the dungeon, and saw 3 of its levels.

You collected 115 gold pieces.

Inventory:

Hand Weapons
 a - a +0 dagger (weapon)
 c - a +0 short sword
 h - a +4 spear
Missiles
 b - 96 stones
 n - 6 poisoned darts
Jewellery
 k - a +4 ring of evasion (left tentacle)
 o - a +6 ring of dexterity (right tentacle)
Scrolls
 d - 2 scrolls of identify {unknown}
 f - a scroll of fog {unknown}
 i - a scroll of magic mapping {unknown}
 j - 2 scrolls of fear {unknown}
 m - a scroll of teleportation {unknown}
Potions
 e - a potion of lignification {unknown}
 g - a potion of heal wounds {unknown}
 l - 2 potions of flight {unknown}


   Skills:
 - Level 2.0 Short Blades
 - Level 2.0 Dodging
 - Level 4.0 Stealth
 - Level 2.0 Spellcasting
 + Level 1.4 Transmutations
 + Level 4.1 Earth Magic


You had 4 spell levels left.
You knew the following spells:

 Your Spells              Type           Power      Damage    Failure   Level
a - Sandblast             Erth           34%        2d9       3%          1
w - Passwall              Tmut/Erth      10%        N/A       9%          2

Your spell library contained the following spells:

 Spells                   Type           Power      Damage    Failure   Level
 Stone Arrow              Conj/Erth      18%        3d8       22%         3
 Petrify                  Tmut/Erth      12%        N/A       47%         4
 Lehudib's Crystal Spear  Conj/Erth      4%         10d3      100%        8
 Animate Armour           Summ/Erth      Unusable   N/A       N/A         4

Dungeon Overview and Level Annotations

Branches:
Dungeon (3/15)

Altars:


Innate Abilities, Weirdness & Mutations

You cannot wear most types of armour.
You are amphibious.
You can wear up to eight rings at the same time.
Your skin changes colour to match your surroundings (Stealth+).
Your rubbery body absorbs attacks. (AC +1, EV +1)
((You are camouflaged when in or above water. (Stealth+)))
You have tentacles for arms and can constrict up to eight enemies at once.


Message History

Something hits you.
* * * LOW HITPOINT WARNING * * *
You feel drained.
* * * LOW HITPOINT WARNING * * *
Casting: Sandblast (safe; 3% risk of failure)
Confirm with . or Enter, or press ? or * to list all spells.
Aiming: Sandblast (safe; 3% risk of failure)
Press: ? - help, Shift-Dir - straight line, f - orc
Aim: an orc, wielding a +0 hand axe (79% to hit)
The blast of sand hits something but does no damage.
Something hits you.
* * * LOW HITPOINT WARNING * * *
You feel drained.
Casting: Sandblast (safe; 3% risk of failure)
Confirm with . or Enter, or press ? or * to list all spells.
Aiming: Sandblast (safe; 3% risk of failure)
Press: ? - help, Shift-Dir - straight line, f/p - orc
Aim: an orc, wielding a +0 hand axe (79% to hit)
The blast of sand hits something.
Something hits you.
* * * LOW HITPOINT WARNING * * *
You feel drained.
* * * LOW HITPOINT WARNING * * *
Casting: Sandblast (safe; 3% risk of failure)
Confirm with . or Enter, or press ? or * to list all spells.
Aiming: Sandblast (safe; 3% risk of failure)
Press: ? - help, Shift-Dir - straight line, f/p - orc
Aim: an orc, wielding a +0 hand axe (79% to hit)
The blast of sand hits something!
Reactivating autopickup.
You feel a bit more experienced.
Training target 4.0 for Stealth reached!
Your Stealth skill increases to level 4!
You need to enable at least one skill for training.
A bat comes into view.
The endoplasm jiggles.
The bat closely misses you. x2
There is a stone staircase leading up here.
The endoplasm freezes you.
You are frozen.
You die...

##........####...##.......######
##.........####.........>..# #.
#..................#.#.....#####.
#...........###.o#...............
#........[..###......#.....##.###
##.......(.................#..#
#..........###.o###..###..#.##
##########.##..J# #)...รท))..####
###..#..@####..####.....#
######........##....# ##.....
#........##......#### ###...
#.............#### #...
#........##...# #...
#.<......##...# #...
#........##...# ####
###########...# #...#


You could see 2 orcs and an endoplasm.

Vanquished Creatures
  An orc wizard (D:3)
  4 adders
  A worm (D:2)
  A dart slug (D:3)
  2 orcs (D:3)
  2 endoplasms (D:1)
  A giant cockroach (D:3)
  3 goblins
  2 hobgoblins
  2 jackals (D:2)
  6 kobolds
  4 ball pythons
  5 frilled lizards
  3 rats
37 creatures vanquished.

Notes
Turn   | Place    | Note
-------+----------+-------------------------------------------
     0 | D:1      | erker the Octopode Earth Elementalist began the quest for
                  | the Orb.
     0 | D:1      | Reached XP level 1. HP: 11/11 MP: 3/3
   223 | D:1      | Found a faded altar of an unknown god.
   402 | D:1      | Reached XP level 2. HP: 12/17 MP: 5/5
   405 | D:1      | Learned a level 2 spell: Passwall
   625 | D:1      | Reached skill level 1 in Short Blades
   889 | D:1      | Found Heara Ryek's Book Shop.
  1366 | D:2      | Reached XP level 3. HP: 21/21 MP: 6/6
  1451 | D:2      | Noticed an ogre
  1988 | D:3      | Reached XP level 4. HP: 27/27 MP: 5/7
  2246 | D:3      | HP: 1/20 [something (1)]
  2310 | D:3      | Frozen to death by an endoplasm

Illustrated notes

Levels and vault maps discovered:
D:1:      dpeg_arrival_short_road, layout_basic,
          shapermc_ecumenical_altar_mp_ritualfount, serial_shops, shop_statue
D:2:      layout_rooms, uniq_crazy_yiuf_cottage
D:3:      layout_rooms, kennysheep_big_empty_room

Skill      XL: |  1  2  3  4 |
---------------+-------------+-----
Short Blades   | 1 2 |  2.0
Earth Magic    | 4 |  4.1
Stealth        | 3 4 |  4.0
Dodging        | |  2.0
Spellcasting   | |  2.0
Transmutations | |  1.4

Action                   |  1- 3 |  4- 6 || total
-------------------------+-------+-------++-------
Melee: Short sword       |    13 |       ||    13
       Constrict         |     9 |     4 ||    13
       Tentacles         |     6 |     4 ||    10
       Dagger            |    25 |    15 ||    40
       Spear             |     2 |       ||     2
       Punch             |     2 |     1 ||     3
 Cast: Sandblast         |    15 |     5 ||    20
 Stab: Sleeping          |     6 |     3 ||     9
       Distracted        |       |     1 ||     1
Dodge: Dodged            |    22 |    11 ||    33
